 Dungeon Sprint DCSS version 0.24-a0-640-ge7cd8ce796 (webtiles) character file.

Game seed: 16445828747012451074, levelgen mode: deterministic

263 AntidotE the Blocker (level 5, -4/53 HPs)
             Began as a Minotaur Fighter on Sept 24, 2019.
             Slain by a slime creature (15 damage)
             ... in the Dungeon (Sprint I: "Red Sonja").
             The game lasted 00:02:13 (337 turns).

AntidotE the Blocker (Minotaur Fighter)              Turns: 337, Time: 00:02:13

Health: -4/53      AC:  8    Str: 20    XL:     5   Next: 98%
Magic:  4/4        EV:  9    Int:  5    God:
Gold:   162        SH: 11    Dex: 11    Spells: 4/4 levels left

rFire    . . .     SeeInvis .   a - +0 long sword
rCold    . . .     Gourm    .   c - +0 shield
rNeg     . . .     Faith    .   b - +0 scale mail
rPois    .         Spirit   .   (helmet restricted)
rElec    .         Reflect  .   (no cloak)
rCorr    .         Harm     .   (no gloves)
MR       .....     NoTele   +   (no boots)
Stlth    ..........             (no amulet)
HPRegen  0.17/turn              (no ring)
MPRegen  0.09/turn              (no ring)

@: no status effects
A: retaliatory headbutt, horns 2
a: no special abilities


You were in the Dungeon.
You were not hungry.

You visited 1 branch You collected 162 gold pieces.

Inventory:

Hand Weapons
 a - a +0 long sword (weapon)
 l - a +0 dagger
Armour
 b - a +0 scale mail (worn)
 c - a +0 shield (worn)
 m - a +1 leather armour of cold resistance
Scrolls
 k - a scroll of blinking
Potions
 d - a potion of might
 e - a potion of curing
 g - a potion of heal wounds
 i - 2 potions of magic
 j - a potion of berserk rage
Comestibles
 f - a ration


   Skills:
 + Level 8.3 Fighting
 + Level 5.5 Long Blades
 + Level 8.7 Armour
 + Level 2.6 Dodging
 + Level 8.9 Shields


You had 4 spell levels left.
You didn't know any spells.
Your spell library was empty.

Dungeon Overview and Level Annotations

Branches:
Dungeon (1/1)

Altars:
Makhleb
Xom
Jiyva
Lugonu


Innate Abilities, Weirdness & Mutations

You reflexively headbutt those who attack you in melee.
You have a pair of horns on your head.


Message History

The slime creature jiggles.
There is an open door here.
There is a fountain of clear blue water here.
You slash the slime creature!
The slime creature is severely wounded.
You block the slime creature's attack. x2
You hit the slime creature but do no damage.
The slime creature is severely wounded.
You block the slime creature's attack.
You slash the slime creature!
The slime creature is severely wounded.
The slime creature hits you.
You hit the slime creature but do no damage.
The slime creature is severely wounded.
The slime creature hits you!
* * * LOW HITPOINT WARNING * * *
You barely miss the slime creature.
The slime creature is severely wounded.
The slime creature hits you!
You die...

###################
#<.#..'..#.)'..#__#
#..'.)#..'..#..'..+
#..#####'#####+#__#
#..# #..# ### #..#
#### #.J# #⌠@# ####


You could see a slime creature.

Vanquished Creatures
  Sigmund (D)
  An ogre (D)
  Ijyb (D)
3 creatures vanquished.

Notes
Turn   | Place    | Note
-------+----------+-------------------------------------------
     0 | D        | AntidotE the Minotaur Fighter began the quest for the Orb.
     0 | D        | Reached XP level 1. HP: 19/19 MP: 0/0
     1 | D        | Noticed Ijyb
    22 | D        | Killed Ijyb
    22 | D        | Reached skill level 5 in Fighting
    22 | D        | Reached skill level 5 in Armour
    22 | D        | Reached skill level 1 in Dodging
    22 | D        | Reached skill level 5 in Shields
    22 | D        | Reached XP level 2. HP: 28/29 MP: 1/1
   126 | D        | Noticed an ogre
   134 | D        | Killed an ogre
   134 | D        | Reached XP level 3. HP: 38/38 MP: 2/2
   134 | D        | Reached XP level 4. HP: 45/45 MP: 3/3
   146 | D        | Noticed Sigmund
   154 | D        | Killed Sigmund
   154 | D        | Reached skill level 5 in Long Blades
   154 | D        | Reached XP level 5. HP: 31/53 MP: 4/4
   306 | D        | Found a burning altar of Makhleb.
   306 | D        | Found a viscous altar of Jiyva.
   306 | D        | Found a shimmering altar of Xom.
   306 | D        | Found a corrupted altar of Lugonu.
   306 | D        | Noticed a slime creature
   337 | D        | Slain by a slime creature

Levels and vault maps discovered:
D:        dungeon_sprint_1 [red_sonja_temple_1, red_sonja_temple_small_1]

Skill      XL: |  1  2  3  4 |
---------------+-------------+-----
Fighting       | 5 6 8 |  8.3
Long Blades    | 3 4 5 |  5.5
Armour         | 5 6 8 |  8.7
Dodging        | 1 2 |  2.6
Shields        | 5 7 8 |  8.9

Action                   |  1- 3 |  4- 6 || total
-------------------------+-------+-------++-------
Melee: Long sword        |    25 |    19 ||    44
       Headbutt          |     2 |     6 ||     8
  Use: Potion            |     1 |       ||     1
Armor: Scale mail        |    10 |       ||    10
Dodge: Dodged            |     4 |     2 ||     6
Block: Shield            |    14 |     9 ||    23
       Rpst.: Long sword |     2 |     1 ||     3

Table legend:
 A = Non-vault XP
 B = Vault XP
 C = Vault XP percentage of total XP
 D = Non-vault monster count
 E = Vault monster count
 F = Vault count percentage of total count
                 A         B        C        D         E       F
            +---------+---------+-------+---------+---------+-------
      Total |       0 |     377 | 100.0 |       0 |       3 | 100.0
            +---------+---------+-------+---------+---------+-------
          D |       0 |     377 | 100.0 |       0 |       3 | 100.0
            +---------+---------+-------+---------+---------+-------
